 Dungeon Crawl Stone Soup version 0.28-a0-1404-g4df0f3684d (webtiles) character file.

Game seed: 883053287505751011

6308 HallandMoats the Chopper (level 10, -4/86 HPs)
             Began as a Ghoul Fighter on Jan 6, 2022.
             Was an Elder of Trog.
             Hit by a large rock thrown by a cyclops (25 damage)
             ... on level 9 of the Dungeon.
             The game lasted 00:19:45 (12312 turns).

HallandMoats the Chopper (Ghoul Fighter)           Turns: 12312, Time: 00:19:46

Health: -4/86      AC: 10    Str: 21    XL:     10   Next: 95%
Magic:  13/13      EV: 12    Int:  3    God:    Trog [****..]
Gold:   468        SH:  5    Dex: 12    Spells: 9/9 levels left

rFire   . . .      SeeInvis .   a - +2 hand axe (venom)
rCold   + . .      Faith    .   c - +0 buckler
rNeg    + + +      Spirit   .   b - +0 scale mail
rPois   ∞          Reflect  .   d - +0 helmet
rElec   .          Harm     .   (no cloak)
rCorr   .          Rampage  .   (no gloves)
Will    ++...                   j - +0 pair of boots
Stlth   ..........              (no amulet)
HPRegen 1.00/turn               (no ring)
MPRegen 0.13/turn               (no ring)

@: strong-willed, regenerating, very slow
A: claws 1, cold resistance 1, negative energy resistance 3, inhibited
regeneration, torment resistance 2
a: Renounce Religion, Trog's Hand, Brothers in Arms


You were on level 9 of the Dungeon.
You worshipped Trog.
Trog was greatly pleased with you.
You visited 1 branch of the dungeon, and saw 9 of its levels.

You collected 468 gold pieces.

Inventory:

Hand Weapons
 a - a +2 hand axe of venom (weapon)
Missiles
 v - a throwing net (quivered)
Armour
 b - a +0 scale mail (worn)
 c - a +0 buckler (worn)
 d - a +0 helmet (worn)
 j - a +0 pair of boots (worn)
Jewellery
 s - a ring of flight
Wands
 q - a wand of flame (39)
 u - a wand of iceblast (13)
 y - a wand of polymorph (7)
 A - a wand of paralysis (13)
 I - a wand of charming (5)
Scrolls
 e - 7 scrolls of identify {unknown}
 f - 3 scrolls of magic mapping {unknown}
 g - 2 scrolls of noise {unknown}
 h - a scroll of enchant armour {unknown}
 i - a scroll of fog {unknown}
 k - a scroll of enchant weapon {unknown}
 m - a scroll of blinking {unknown}
 p - 2 scrolls of vulnerability {unknown}
 w - a scroll of silence {unknown}
 z - 3 scrolls of teleportation {unknown}
 D - a scroll of immolation {unknown}
 F - a scroll of torment {unknown}
Potions
 l - 5 potions of curing {unknown}
 n - a potion of degeneration {unknown}
 o - a potion of might
 r - a potion of mutation {unknown}
 t - 2 potions of attraction {unknown}
 x - a potion of magic {unknown}
 B - a potion of heal wounds {unknown}
 C - 2 potions of lignification {unknown}
 E - a potion of resistance {unknown}
 G - a potion of brilliance {unknown}
 H - a potion of flight {unknown}


   Skills:
 + Level 7.0 Fighting
 * Level 7.9 Axes
 * Level 7.5 Armour
 * Level 6.9 Dodging
 - Level 4.0 Shields
 + Level 6.1 Invocations


You had 9 spell levels left.
You didn't know any spells.
Your spell library contained the following spells:

 Spells                   Type           Power      Damage    Failure   Level
 Tukima's Dance           Hex            0%         N/A       99%         3
 Passage of Golubria      Tloc           0%         N/A       100%        4
 Yara's Violent Unravell  Hex/Tmut       0%         3d3       100%        5


Dungeon Overview and Level Annotations

Branches:
Dungeon (9/15)             Temple (0/1) D:5
   Lair: D:8-11         Orc: D:9-12

Altars:
Hepliaklqana
Makhleb
Nemelex Xobeh
Trog
Wu Jian

Shops:
D:8 (

Annotations:
D:3 3 runed translucent doors, awesomeguy42's ghost, amateur HuNe; bande's ghost, weakling GrFi; eustatius's ghost, amateur DrIE; fragbeetle's ghost, amateur DrTm


Innate Abilities, Weirdness & Mutations

You thrive by killing the living.
You are immune to poison.
You have sharp fingernails.
Your flesh is cold resistant. (rC+)
You are immune to negative energy. (rN+++)
You do not regenerate when monsters are visible.
You are immune to unholy pain and torment.


Message History

The killer bee barely misses you.
You slash the killer bee!
The killer bee is poisoned.
The killer bee is severely wounded.
The killer bee barely misses you. You block the killer bee's attack.
You miss the killer bee.
The killer bee is almost dead.
You kill the killer bee!
Trog accepts your kill.
You feel better.
You enter the shallow water.
Moving in this stuff is going to be slow.
Found 11 gold pieces and a leather armour.
Found a scroll labelled DAVYDUAPNI.
You enter the shallow water.
Moving in this stuff is going to be slow.
You enter the shallow water.
Moving in this stuff is going to be slow.
A cyclops comes into view.
The cyclops throws a large rock.
The large rock barely misses you.
You enter the shallow water.
Moving in this stuff is going to be slow.
The cyclops hits you!!
You hit the cyclops.
The cyclops is poisoned.
The cyclops is lightly wounded.
You hit the cyclops.
The cyclops is lightly wounded.
The cyclops hits you!!
You hit the cyclops.
The cyclops looks as sick as possible!
The cyclops is moderately wounded.
The cyclops hits you!!
* * * LOW HITPOINT WARNING * * *
You barely miss the cyclops.
The cyclops is moderately wounded.
Your skin crawls.
You feel strong-willed. The cyclops misses you.
You enter the shallow water.
Moving in this stuff is going to be slow.
The cyclops throws a large rock.
The large rock hits you!!
You die...

####### ###...≈≈##
#≈≈.####≈##
#...C≈##'..##.# ..###
....#C# #.....#.#
#≈P.P≈#.#
#.....#?P.P.#@#
#PP..≈#.≈$.[#≈#
#$..P.#≈≈≈S≈#≈#.#
#(≈.(≈##≈S≈##≈#.#
#≈≈)≈≈######.##.####
###SSS##≈....##.....
##.#####≈#######...#
#..'..≈≈########...#
##..######..........#


You could see a cyclops (very poisoned).

Vanquished Creatures
  2 rust devils (D:7)
  Sigmund (D:3)
  6 yaks (D:6)
  A steam dragon (D:7)
  An acid dragon (D:9)
  4 water moccasins
  5 orc warriors
  4 ice beasts
  2 necrophages (D:6)
  3 ogres
  3 centaurs
  2 kobold brigands
  5 bullfrogs
  2 gnoll sergeants
  A scorpion (D:6)
  A wyvern zombie (D:7)
  2 water moccasin zombies (D:5)
  A wyvern skeleton (D:7)
  2 jellies
  4 killer bees (D:9)
  6 howler monkeys
  2 electric eels (D:7)
  6 orc priests
  6 hounds
  2 gnoll shamans
  2 centaur skeletons (D:7)
  Terence (D:3)
  2 iguanas
  A scorpion zombie (D:5)
  5 orc wizards
  A killer bee zombie (D:6)
  A hound zombie (D:5)
  Robin (D:3)
  17 gnolls
  2 howler monkey zombies
  A howler monkey skeleton (D:6)
  4 adders
  A shadow imp (D:7)
  2 white imps
  An adder zombie (D:5)
  3 worms (D:2)
  2 dart slugs
  38 orcs
  4 ball pythons
  5 endoplasms
  7 giant cockroaches
  6 hobgoblins
  4 jackals (D:3)
  18 kobolds
  3 quokkas
  9 bats
  4 frilled lizards (D:2)
  13 goblins
  5 rats
237 creatures vanquished.

Vanquished Creatures (others)
  14 plants
  2 withered plants (D:3)
16 creatures vanquished.

Grand Total: 253 creatures vanquished

Notes
Turn   | Place    | Note
-------+----------+-------------------------------------------
     0 | D:1      | HallandMoats the Ghoul Fighter began the quest for the Orb.
     0 | D:1      | Reached XP level 1. HP: 19/19 MP: 0/0
   470 | D:1      | Reached XP level 2. HP: 26/26 MP: 1/1
  1138 | D:1      | Found a faded altar of an unknown god.
  1142 | D:1      | Reached XP level 3. HP: 29/31 MP: 2/2
  1356 | D:1      | Prayed at the altar of an unknown god.
  1356 | D:1      | Became a worshipper of Trog the Wrathful
  1356 | D:1      | Reached * piety under Trog
  1500 | D:2      | Found a sparkling altar of Nemelex Xobeh.
  2157 | D:3      | Noticed Terence
  2167 | D:3      | Killed Terence
  2167 | D:3      | Reached ** piety under Trog
  2168 | D:3      | Reached skill level 1 in Dodging
  2168 | D:3      | Reached skill level 1 in Invocations
  2168 | D:3      | Reached XP level 4. HP: 18/39 MP: 3/3
  2177 | D:3      | Noticed Sigmund
  2375 | D:3      | Killed Sigmund
  2376 | D:3      | Reached XP level 5. HP: 34/46 MP: 3/5
  2376 | D:3      | Reached XP level 6. HP: 39/52 MP: 3/6
  2473 | D:3      | Noticed Robin
  2499 | D:3      | Killed Robin
  2621 | D:3      | Found a runed translucent gate.
  2621 | D:3      | Found a runed translucent gate.
  2621 | D:3      | Found a runed translucent gate.
  2623 | D:3      | Noticed awesomeguy42's ghost (amateur HuNe)
  2623 | D:3      | Noticed fragbeetle's ghost (amateur DrTm)
  2624 | D:3      | Noticed eustatius's ghost (amateur DrIE)
  2626 | D:3      | Noticed bande's ghost (weakling GrFi)
  3328 | D:4      | Reached XP level 7. HP: 55/60 MP: 7/7
  4209 | D:5      | Entered Level 5 of the Dungeon
  4265 | D:5      | Reached *** piety under Trog
  4428 | D:5      | Reached XP level 8. HP: 48/67 MP: 9/9
  4785 | D:5      | Reached skill level 5 in Fighting
  4918 | D:5      | Reached skill level 5 in Axes
  5236 | D:5      | Found a staircase to the Ecumenical Temple.
  6069 | D:6      | Noticed a yak
  6069 | D:6      | Noticed a yak
  6071 | D:6      | Noticed a yak
  6071 | D:6      | Noticed a yak
  6072 | D:6      | Noticed a yak
  6072 | D:6      | Noticed a yak
  6084 | D:6      | Killed a yak
  6085 | D:6      | Reached skill level 5 in Armour
  6087 | D:6      | Killed a yak
  6088 | D:6      | Reached XP level 9. HP: 69/74 MP: 11/11
  6227 | D:6      | You fall into a shaft and drop 2 floors!
  6268 | D:8      | Reached skill level 5 in Dodging
  6283 | D:8      | Found Uqieb's Weapon Shoppe.
  7183 | D:6      | Reached skill level 5 in Invocations
  7631 | D:7      | Reached XP level 10. HP: 50/83 MP: 12/12
  8159 | D:6      | Noticed a rust devil
  8159 | D:6      | Noticed a rust devil
  8465 | D:7      | Killed a rust devil
  9269 | D:7      | Found an ornate altar of the Wu Jian Council.
  9269 | D:7      | Found a burning altar of Makhleb.
  9269 | D:7      | Found a sparkling altar of Nemelex Xobeh.
  9272 | D:7      | Found a hazy altar of Hepliaklqana.
  9690 | D:7      | Killed a rust devil
 10684 | D:8      | Reached **** piety under Trog
 12287 | D:9      | Noticed a cyclops
 12312 | D:9      | Hit by a large rock thrown by a cyclops

Illustrated notes

Levels and vault maps discovered:
D:1:      lightli_arrival_statue_moat, layout_basic,
          shapermc_ecumenical_altar_mp_highgroup
D:2:      layout_loops_ring, basic_altar
D:3:      layout_rooms, gammafunk_ghost_cemetery, uniq_terence, uniq_robin,
          uniq_sigmund
D:4:      layout_rooms, serial_corexii_hall, chequers_hall_statues_y,
          corexii_hall_statues_l, corexii_hall_statues_x,
          chequers_hall_statues_y, chequers_hall_statues_wall_a,
          chequers_hall_statues_wall_a
D:5:      layout_loops_cross, minmay_temple_entry_arrows, minmay_misc_feat_tiny
D:6:      cheibrodos_iron_armory, layout_loops_corners
D:7:      layout_cave_pools, grunt_temple_overflow_cloverleaf,
          chequers_big_river, hex_large, st_stairs_11, minmay_quadrilaterals
D:8:      layout_loops_corners, serial_shops, nicolae_take_the_stairs,
          corner_web_ring
D:9:      cheibrodos_two_vegetables, layout_basic

Skill      XL: |  1  2  3  4  5  6  7  8  9 10 |
---------------+-------------------------------+-----
Axes           | 2 3 4 5 6 7 |  7.9
Armour         | 3 4 5 6 7 |  7.5
Dodging        | 1 2 4 5 6 |  6.9
Shields        | 3 4 |  4.0
Invocations    | 1 2 3 4 5 6 |  6.1
Fighting       | 4 5 6 7 |  7.0

Action                   |  1- 3 |  4- 6 |  7- 9 | 10-12 || total
-------------------------+-------+-------+-------+-------++-------
Melee: War axe           |   126 |    60 |       |       ||   186
       Hand axe          |       |    61 |   348 |   313 ||   722
Throw: Throwing net      |       |       |       |     3 ||     3
Invok: Trog's Hand       |       |     6 |     3 |    11 ||    20
  Use: Potion            |     1 |     1 |       |       ||     2
 Stab: Held in net/web   |       |       |       |     3 ||     3
Armor: Scale mail        |    73 |    86 |   110 |    89 ||   358
Dodge: Dodged            |    60 |    91 |   170 |   175 ||   496
Block: Buckler           |    37 |    38 |    62 |    87 ||   224

Table legend: (Time is in decaauts)
 A = Elapsed time spent in this place.
 B = Non-inter-level travel time spent in this place.
 C = Inter-level travel time spent in this place.
 D = Time resting spent in this place.
 E = Time spent auto-exploring this place.
 F = Levels seen in this place.
 G = Mean time per level.
                   A        B        C        D        E       F      G
               +--------+--------+--------+--------+--------+-----+--------+
         Total |  12464 |  11906 |    558 |   2670 |   6872 |   9 | 1384.9 |
       Dungeon |  12464 |  11906 |    558 |   2670 |   6872 |   9 | 1384.9 |
               +--------+--------+--------+--------+--------+-----+--------+

Top non-repeatable levels by time:
     D:7: 2576 daAuts
     D:6: 1901 daAuts
     D:5: 1709 daAuts
     D:1: 1450 daAuts
     D:8: 1258 daAuts
     D:3: 991 daAuts
     D:2: 939 daAuts
     D:4: 926 daAuts
     D:9: 712 daAuts
